 Dungeon Crawl Stone Soup version 0.27.1-1-g398f81649c (webtiles) character file.

Game seed: 12102439520495133215

46 RawMediocrity the Vexing (level 3, 0/25 HPs)
             Began as a Vampire Enchanter on Sept 20, 2021.
             Succumbed to an adder's poison
             ... on level 1 of the Dungeon.
             The game lasted 00:02:05 (943 turns).

RawMediocrity the Vexing (Vampire Enchanter)         Turns: 943, Time: 00:02:05

Health: 0/25       AC:  2    Str:  7    XL:     3   Next: 46%
Magic:  1/6        EV: 12    Int: 17    God:
Gold:   64         SH:  0    Dex: 15    Spells: 0/6 levels left

rFire    . . .     SeeInvis +   a - +4 dagger
rCold    . . .     Faith    .   (no shield)
rNeg     . . .     Spirit   .   b - +0 robe
rPois    .         Reflect  .   (no helmet)
rElec    .         Harm     .   (no cloak)
rCorr    .         Rampage  .   (no gloves)
Will     .....                  (no boots)
Stlth    +++.......             (no amulet)
HPRegen  0.28/turn              (no ring)
MPRegen  0.10/turn              (no ring)

@: lethally poisoned (0 -> -3), healing quickly
A: alive, fangs 3, see invisible, vampiric 2
a: Exsanguinate


You were on level 1 of the Dungeon.
You visited 1 branch of the dungeon, and saw 2 of its levels.

You collected 64 gold pieces.

Inventory:

Hand Weapons
 a - a +4 dagger (weapon)
Missiles
 e - 13 poisoned darts
Armour
 b - a +0 robe (worn)
Scrolls
 d - a scroll of identify {unknown}
Potions
 c - a potion of magic {unknown}


   Skills:
 + Level 0.8 Fighting
 + Level 1.6 Short Blades
 + Level 2.5 Dodging
 + Level 4.8 Stealth
 + Level 2.2 Spellcasting
 * Level 5.2 Hexes


You couldn't memorise any spells.
You knew the following spells:

 Your Spells              Type           Power      Damage    Failure   Level
a - Corona                Hex            21%        N/A       2%          1
b - Tukima's Dance        Hex            19%        N/A       6%          3
c - Ensorcelled Hibernat  Hex/Ice        20%        N/A       10%         2

Your spell library contained the following spells:

 Spells                   Type           Power      Damage    Failure   Level
 Confusing Touch          Hex            19%        N/A       6%          3
 Sandblast                Erth           2%         2d4       19%         1
 Dazzling Flash           Conj/Hex       20%        N/A       19%         3
 Passwall                 Tmut/Erth      0%         N/A       28%         2
 Static Discharge         Conj/Air       1%         N/A       28%         2
 Lee's Rapid Deconstruct  Erth           0%         3d5*      99%         5
 Lightning Bolt           Conj/Air       0%         1d11      99%         5
 Maxwell's Capacitive Co  Air            0%         ∞         100%        8


Dungeon Overview and Level Annotations

Branches:
Dungeon (2/15)

Altars:


Innate Abilities, Weirdness & Mutations

Your natural rate of healing is accelerated.
You have razor-sharp teeth.
You have supernaturally acute eyesight. (SInv)
You are afflicted with vampirism and can become a bat while bloodless.


Message History

Unknown command.
Casting: Corona (safe; 2% risk of failure)
Confirm with . or Enter, or press ? or * to list all spells.
Aiming: Ensorcelled Hibernation (safe; 10% risk of failure)
Press: ? - help, Shift-Dir - straight line, f - adder
Aim: an adder (severely wounded, chance to affect: 50%)
The adder resists with some effort.
You feel sick.
You are no longer poisoned.
The adder closely misses you.
Unknown command.
Casting: Ensorcelled Hibernation (safe; 10% risk of failure)
Confirm with . or Enter, or press ? or * to list all spells.
Aiming: Ensorcelled Hibernation (safe; 10% risk of failure)
Press: ? - help, Shift-Dir - straight line, f/p - adder
Aim: an adder (severely wounded, chance to affect: 50%)
The adder looks drowsy...
The helpless adder fails to defend itself.
You impale the adder!!
You kill the adder!
Casting: Ensorcelled Hibernation (safe; 10% risk of failure)
Confirm with . or Enter, or press ? or * to list all spells.
Aiming: Ensorcelled Hibernation (safe; 10% risk of failure)
Press: ? - help, Shift-Dir - straight line, f - adder
Aim: an adder (chance to affect: 50%)
The adder resists with some effort.
The adder bites you.
* * * LOW HITPOINT WARNING * * *
The adder bites you.
* * * LOW HITPOINT WARNING * * *
The adder bites you.
* * * LOW HITPOINT WARNING * * *
The adder bites you.
* * * LOW HITPOINT WARNING * * *
You are lethally poisoned!
The adder poisons you!
There is a stone staircase leading up here.
* * * LOW HITPOINT WARNING * * *
You feel sick. The adder bites you.
* * * LOW HITPOINT WARNING * * *
You climb upwards.
You die...

.......############.###.######
....................# #......#
####.#.########.....###......# #
#.#.# ####.###.....####.#
####.#.# #......####### #.#
#....#.# #.##.#.# #.# #.####.#
#.##.#.# ##.#### #.# #.#
#.##.#.#########...... #.# #.#
##.##.@S...........#### #.#
#.####...#.#.#########..# #.#
#..........#.# #..#
#.#########...###.# ### #..####
...............##.# ##.## #.....#
..##########......###.#.###.###.#
..# ###.......###.##.# #.# .##
###..#########.# #.# .#
#...#......#.###.#


You could see an adder.

Vanquished Creatures
  2 adders (D:2)
  3 ball pythons (D:1)
  An endoplasm (D:1)
  2 goblins
  4 hobgoblins (D:1)
  7 bats (D:1)
  2 frilled lizards (D:1)
  5 kobolds (D:1)
  3 rats (D:1)
29 creatures vanquished.

Notes
Turn   | Place    | Note
-------+----------+-------------------------------------------
     0 | D:1      | RawMediocrity the Vampire Enchanter began the quest for the
                  | Orb.
     0 | D:1      | Reached XP level 1. HP: 13/13 MP: 3/3
    97 | D:1      | Found a faded altar of an unknown god.
   216 | D:1      | Reached XP level 2. HP: 13/19 MP: 5/5
   690 | D:1      | Reached skill level 5 in Hexes
   855 | D:2      | Gained mutation: You are afflicted with vampirism and can
                  | become a bat while bloodless. [Vampire growth]
   855 | D:2      | Reached XP level 3. HP: 25/25 MP: 6/6
   859 | D:2      | Learned a level 3 spell: Tukima's Dance
   862 | D:2      | Learned a level 2 spell: Ensorcelled Hibernation
   942 | D:2      | HP: 1/25 [adder (1)]
   943 | D:1      | Succumbed to an adder's poison

Illustrated notes

Levels and vault maps discovered:
D:1:      amcnicky_arrival_wind_blow, layout_loops_ring, basic_ecumenical_altar,
          corexii_hall_statues_u
D:2:      layout_rooms, serial_shops, shop, minmay_surrounded

Skill      XL: |  1  2 |
---------------+-------+-----
Hexes          | 5 |  5.2
Fighting       | |  0.8
Short Blades   | |  1.6
Dodging        | |  2.5
Stealth        | |  4.8
Spellcasting   | |  2.2

Action                   || total
-------------------------++-------
Melee: Dagger            ||    89
       Bite              ||     5
 Cast: Ensorcelled Hiber ||     3
 Stab: Sleeping          ||    13
Armor: Robe              ||    12
Dodge: Dodged            ||    48
